[Event "Live Chess"]
[Site "Chess.com"]
[Date "2023.05.20"]
[Round "-"]
[White "atunnacl"]
[Black "MarkLim1"]
[Result "1-0"]
[WhiteElo "1923"]
[BlackElo "1667"]
[TimeControl "300"]
[EndTime "12:44:24 PDT"]
[Termination "atunnacl won by resignation"]

1. e4 e6 2. e5 d5 3. exd6 Bxd6 4. d4 Nf6 5. Nf3 O-O 6. c4 c5 7. dxc5 Bxc5 8. Qxd8 Rxd8 9. Bg5 h6 10. Bxf6 gxf6 11. Nbd2 Nc6 12. a3 a5 13. Be2 e5 14. O-O Bf5 15. Rac1 Nd4 16. Nxd4 Bxd4 17. b4 Bb2 18. Rcd1 Bxa3 19. Nf3 Bxb4 20. Rxd8+ Rxd8 21. Nh4 Be6 22. Rd1 Rxd1+ 23. Bxd1 Bxc4 24. Bf3 b6 25. Nf5 Kh7 26.
Bc6 Bd3 27. Ne3 f5 28. Nd5 Bc5 29. Nf6+ Kg6 30. Nd7 f4 31. Nxe5+ 1-0

[Event "Live Chess"]
[Site "Chess.com"]
[Date "2023.05.20"]
[Round "-"]
[White "Ferrarifan27"]
[Black "GMHarry-youtube"]
[Result "0-1"]
[WhiteElo "2061"]
[BlackElo "2112"]
[TimeControl "300"]
[EndTime "12:44:28 PDT"]
[Termination "GMHarry-youtube won by checkmate"]

1. e4 c5 2. Nf3 d6 3. d4 cxd4 4. Nxd4 Nf6 5. Nc3 g6 6. Nd5 Nxe4 7. Nb5 Na6 8. Qe2 f5 9. f3 Nec5 10. Nf6+ Kf7 11. Nd5 e6 12. Nf4 e5 13. Qc4+ Kg7 14. Nd5 Be6 15. h4 h5 16. Bg5 Qd7 17. Bf6+ Kf7 18.
Bxh8 Be7 19. b4 Na4 20. Qb3 Nb6 21. Nxb6 axb6 22. Bc4 Rxh8 23. Nc3 Rc8 24. Bxe6+ Qxe6 25. Nd5 Nxb4 26. Nxb4 d5 27. Qxd5 Bxb4+ 28. Qd2 Bxd2+ 29. Kxd2 Qd5+ 30. Ke2 Rxc2+ 31. Kf1 Qd2 32. Rh2 Qf2# 0-1

[Event "Live Chess"]
[Site "Chess.com"]
[Date "2023.05.20"]
[Round "-"]
[White "OceanFloater"]
[Black "1600x"]
[Result "0-1"]
[WhiteElo "981"]
[BlackElo "1750"]
[TimeControl "300"]
[EndTime "12:44:28 PDT"]
[Termination "1600x won by resignation"]

1. e4 e5 2. Nf3 Nf6 3. Nc3 d6 4. d4 exd4 5. Nxd4 Be7 6. Bg5 O-O 7.
Bc4 Nxe4 8. Nxe4 Bxg5 9. Nxg5 Qxg5 10. Nf3 Qxg2 11. Ke2 Bg4 12. Qd3 Bxf3+ 13. Qxf3 Re8+ 14. Kd3 Qxf3+ 15. Kd2 Qxf2+ 16. Kc3 Nc6 17. Bxf7+ Kxf7 18. Rhf1 Re2 19. Rxf2+ Rxf2 20. Re1 Rxh2 21. Rf1+ Kg8 22. b4 Ne5 23. Kd4 Rxc2 24. Kd5 Rd2+ 25. Ke6 Re8+ 26. Kf5 Rf8+ 0-1

[Event "Live Chess"]
[Site "Chess.com"]
[Date "2023.05.20"]
[Round "-"]
[White "JanMur7"]
[Black "Tushinskiy"]
[Result "0-1"]
[WhiteElo "1956"]
[BlackElo "2098"]
[TimeControl "300"]
[EndTime "12:44:31 PDT"]
[Termination "Tushinskiy won by resignation"]

1. e4 e5 2. Nf3 d6 3. Nc3 Bg4 4. Bc4 Nf6 5. h3 Bh5 6. d3 Nbd7 7. Bg5 c6 8. g4 Bg6 9. Nh4 Qc7 10. f4 exf4 11. Bxf4 Be7 12. Nf5 Bxf5 13. gxf5 Qb6 14.
Na4 Qa5+ 15. c3 b5 0-1

[Event "Live Chess"]
[Site "Chess.com"]
[Date "2023.05.20"]
[Round "-"]
[White "ramses-IIG"]
[Black "diana21strabt"]
[Result "0-1"]
[WhiteElo "825"]
[BlackElo "1661"]
[TimeControl "300"]
[EndTime "12:44:35 PDT"]
[Termination "diana21strabt won by resignation"]

1. e4 d5 2. Nf3 dxe4 3. Ng5 Nf6 4. d3 exd3 5. Bxd3 h6 6. Nxf7 Kxf7 7. Bg6+ Kxg6 8. Qxd8 Na6 9. Qd3+ Bf5 10. Qb3 Nc5 11.
Qc3 e6 12. O-O Bd6 13. Be3 Nce4 14. Qb3 b6 15. c3 c5 16. Nd2 Rad8 17. Nxe4 Bxe4 18.
Qxe6 Rhe8 19. Qb3 Re5 20. Bf4 Rh5 21. Bxd6 Rxd6 22. Rad1 Bd5 23. Qa4 a5 24. b3 Bc6 25.
Qa3 Re6 26. b4 Rg5 27. f3 Re2 28. Rf2 Bxf3 29. Rxe2 Bxe2 30. Rd2 axb4 31. cxb4 Bc4 32. bxc5 bxc5 33. Rc2 Bd5 34. Qxc5 Be4 35. Qxg5+ hxg5 36. a4 Bxc2 37. a5 Bd3 38. a6 Bxa6 0-1

[Event "Live Chess"]
[Site "Chess.com"]
[Date "2023.05.20"]
[Round "-"]
[White "thrithik"]
[Black "Wild_Tiger"]
[Result "0-1"]
[WhiteElo "378"]
[BlackElo "1056"]
[TimeControl "300"]
[EndTime "12:44:35 PDT"]
[Termination "Wild_Tiger won by checkmate"]

1. b3 e5 2. e3 d5 3. f3 Nf6 4. Qe2 Bb4 5. Qb5+ Nc6 6. Qa4 Bd7 7. c3 Bd6 8. c4 Nd4 9. cxd5 Bxa4 10. Bb2 Nc2+ 11. Kd1 Nxa1 12. bxa4 Bb4 13. Bxa1 Qxd5 14. Bb5+ c6 15. Bxc6+ bxc6 16. Nh3 Qd3 17. Ng5 Qxb1+ 18. Ke2 Qxh1 19. Bxe5 Qc1 20. a3 Qxd2+ 21. Kf1 Qxe3 22. axb4 Qxe5 23. Nh3 Qxh2 24. Nf2 O-O-O 25. Ne4 Rd1+ 26. Ke2 Rhd8 27. Nf2 Qxg2 28. Ke3 Re1+ 29. Kf4 g5+ 30. Kf5 Qxf3+ 31. Kxg5 Rg1+ 32. Kh6 Qh5# 0-1

[Event "Live Chess"]
[Site "Chess.com"]
[Date "2023.05.20"]
[Round "-"]
[White "Conradical12"]
[Black "raminguy"]
[Result "0-1"]
[WhiteElo "1573"]
[BlackElo "1977"]
[TimeControl "300"]
[EndTime "12:44:40 PDT"]
[Termination "raminguy won by resignation"]

1. e4 e5 2. Nf3 Nc6 3. Bb5 Nf6 4. O-O Nxe4 5. Re1 Nd6 6. Nxe5 Be7 7. Nxc6 dxc6 8.
Bd3 O-O 9. Nc3 Bf6 10. Ne4 Nxe4 11. Bxe4 Re8 12. Qe2 Be6 13. Rb1 Bxa2 14. Ra1 Be6 15. Ra3 a6 16. Re3 Rf8 17. b3 Bg5 18. Rg3 Bf4 19.
Rf3 Bg4 20. Bb2 Bxf3 21. Qxf3 Bd6 22. Re3 Qh4 23. h3 Qf4 24. Qh5 g6 25. Qe2 Qh2+ 0-1

[Event "Live Chess"]
[Site "Chess.com"]
[Date "2023.05.20"]
[Round "-"]
[White "McSlash1"]
[Black "Stanbad1"]
[Result "0-1"]
[WhiteElo "2054"]
[BlackElo "2419"]
[TimeControl "300"]
[EndTime "12:44:49 PDT"]
[Termination "Stanbad1 won by resignation"]

1. f4 e6 2. e4 b6 3. Nf3 Bb7 4. Nc3 c5 5. d3 d5 6. e5 Nc6 7.
Be2 f6 8. exf6 Nxf6 9. O-O Bd6 10. Qe1 O-O 11. Ng5 Qd7 12. Qh4 h6 13. Nf3 Rae8 14.
Nb5 Bb8 15. Bd2 a6 16. Nc3 e5 17. fxe5 Nxe5 18. Nxe5 Bxe5 19. Rae1 Qc7 20. h3 Bg3 21.
Bf4 Bxh4 22. Bxc7 Bxe1 23. Rxe1 d4 24. Nd1 Nd5 25. Bg3 Ne3 26. Nxe3 Rxe3 27. Bf2 Re7 28. Bf3 Rxe1+ 29. Bxe1 Bxf3 0-1

[Event "Live Chess"]
[Site "Chess.com"]
[Date "2023.05.20"]
[Round "-"]
[White "LiamBellwood"]
[Black "PiotrD11"]
[Result "1-0"]
[WhiteElo "2060"]
[BlackElo "1342"]
[TimeControl "300"]
[EndTime "12:44:50 PDT"]
[Termination "LiamBellwood won by checkmate"]

1. d4 d5 2. Nc3 Nf6 3. Bf4 Bf5 4.
e3 e6 5. f3 Bb4 6. g4 Bxc3+ 7.
bxc3 Bg6 8. h4 h6 9. Bd3 Bxd3 10.
cxd3 O-O 11. Ne2 Nbd7 12. Ng3 Re8 13. g5 e5 14. dxe5 Nh7 15. gxh6 g6 16. e4 Nxe5 17.
d4 Nc4 18. Kf2 dxe4 19. Nxe4 Qe7 20. Qb3 Nd6 21. Bxd6 cxd6 22. Rag1 Nf6 23. Rxg6+ Kh8 24. Rxf6 Rad8 25. Qxf7 Qxf7 26. Rxf7 d5 27. Nf6 Re6 28. Rh7# 1-0

[Event "Live Chess"]
[Site "Chess.com"]
[Date "2023.05.20"]
[Round "-"]
[White "zdanevych"]
[Black "LutherSullivan"]
[Result "0-1"]
[WhiteElo "1518"]
[BlackElo "1973"]
[TimeControl "300"]
[EndTime "12:45:14 PDT"]
[Termination "LutherSullivan won by resignation"]

1. d4 Nf6 2. c4 g6 3. Nc3 d5 4. cxd5 Nxd5 5. e4 Nxc3 6. bxc3 Bg7 7. Nf3 c5 8. Be2 O-O 9. O-O Bg4 10. h3 Bxf3 11. Bxf3 cxd4 12. cxd4 Qxd4 13. Rb1 Nc6 14. Bb2 Qxd1 15. Rfxd1 Rfd8 16. Rxd8+ Nxd8 17. Ba3 Kf8 18. e5 Bxe5 19. Bxb7 Rb8 20. Be4 Rxb1+ 21. Bxb1 Bd6 22. Bb2 e5 23. Bd3 Ke7 24. Bc4 Ne6 25. f3 f6 26.
Kf2 Bc5+ 27. Kf1 h5 28. a4 h4 29. Bc1 Ng7 30. a5 Nh5 31. a6 Ng3+ 32. Ke1 Kd6 33. Bf7 g5 34. Bb2 Kc6 35. Bc4 Nf5 36. Be6 Ne3 37. Bc8 Nxg2+ 38. Kf1 Ne3+ 39. Ke2 Kb6 40. Bb7 Ng2 41. Bc3 Nf4+ 42. Kf1 Nxh3 43. Kg2 Nf4+ 44. Kf1 Ne6 45. Bd2 Nd4 46. Be3 Nxf3 47. Ke2 Nd4+ 48.
Kd3 Nb3 49. Bd2 Nxd2 50. Kxd2 Kb5 51. Ke2 Kc4 52. Kf3 Kd4 53. Kg4 e4 0-1

[Event "Live Chess"]
[Site "Chess.com"]
[Date "2023.05.20"]
[Round "-"]
[White "OSmith06"]
[Black "rmethornhill"]
[Result "1/2-1/2"]
[WhiteElo "1659"]
[BlackElo "1181"]
[TimeControl "300"]
[EndTime "12:45:17 PDT"]
[Termination "Game drawn by stalemate"]

1. e4 c5 2. Nf3 d6 3. d4 cxd4 4.
Nxd4 Nf6 5. Nc3 g6 6. Be3 Bg7 7. f3 a6 8. Qd2 b5 9. Be2 Bb7 10. O-O Nc6 11. Nxc6 Bxc6 12. Nd5 O-O 13. c3 Rc8 14. a4 bxa4 15. Bxa6 Ra8 16. Be2 Re8 17. Bb6 Qb8 18. Nxf6+ Bxf6 19. Bd4 Bxd4+ 20. cxd4 Bb5 21. Rfc1 Qb6 22. Qb4 Reb8 23. Bxb5 Qxb5 24. Qxb5 Rxb5 25. Rc7 Kf8 26. Rc4 Rxb2 27. Rcxa4 Rxa4 28. Rxa4 Rd2 29. d5 Kg7 30. Ra7 Kf6 31. h4 h5 32. Kh2 e6 33. Rd7 exd5 34. Rxd6+ Ke7 35. Rxd5 Rxd5 36. exd5 Kd6 37. Kg3 Kxd5 38. Kf4 f6 39. g4 hxg4 40. fxg4 Ke6 41. Ke4 Kd6 42. h5 gxh5 43. gxh5 Ke7 44. Kf5 Kf7 45. h6 Kg8 46. Kxf6 Kh7 47. Kg5 Kg8 48. Kg6 Kh8 49. Kh5 Kh7 50. Kg5 Kh8 51.
Kg6 Kg8 52. h7+ Kh8 53. Kh6 1/2-1/2

[Event "Live Chess"]
[Site "Chess.com"]
[Date "2023.05.20"]
[Round "-"]
[White "Ian-Morley"]
[Black "LodeshChess"]
[Result "0-1"]
[WhiteElo "982"]
[BlackElo "1017"]
[TimeControl "300"]
[EndTime "12:45:29 PDT"]
[Termination "LodeshChess won on time"]

1. e4 c6 2. d4 d5 3. f3 Qb6 4. c3 Nd7 5. Ne2 e5 6. Bg5 Be7 7. Bxe7 Nxe7 8. Qb3 Qxb3 9. axb3 exd4 10. Nxd4 O-O 11.
exd5 Nxd5 12. c4 Ne3 13. Na3 Nf6 14. Nac2 Nxc2+ 15. Nxc2 Re8+ 16. Kf2 Bf5 17. Ne3 Re7 18. Nxf5 Re5 19. Nd6 Rb8 20. Re1 Rxe1 21. Kxe1 Rd8 22.
Nxb7 Rb8 23. Nd6 Rxb3 24. Ne4 Nd7 25. Be2 Rxb2 26. Kf2 Ne5 27. Rd1 g6 28. Nf6+ Kg7 29.
Ng4 Nxc4 30. Rc1 Na5 31. Ne5 c5 32. Nd7 c4 33. Nc5 Nb3 34. Rxc4 Nxc5 35. Rxc5 Ra2 36. Ke3 Ra3+ 37. Kd4 Ra4+ 38. Bc4 a5 39. Rc7 Ra1 40.
Rxf7+ Kh6 41. Ra7 a4 42. g4 a3 43. h4 Rd1+ 44. Kc3 Rh1 45. g5+ Kh5 46. Be2 Kxh4 47.
Ra4+ Kxg5 48. Ra5+ Kh6 49. Rxa3 Rc1+ 50. Kd2 Rh1 51. f4 Rh4 52. f5 gxf5 53. Rf3 Kg5 54. Bd3 Rf4 55. Ke3 Rxf3+ 56. Kxf3 h5 57. Kg3 h4+ 58.
Kh3 f4 59. Be2 Kf5 60. Bf3 Ke5 61. Kxh4 Kd4 0-1

[Event "Live Chess"]
[Site "Chess.com"]
[Date "2023.05.20"]
[Round "-"]
[White "booktrunk"]
[Black "seabuck"]
[Result "0-1"]
[WhiteElo "1300"]
[BlackElo "1858"]
[TimeControl "300"]
[EndTime "12:45:31 PDT"]
[Termination "seabuck won by resignation"]

1. d4 e6 2. Nf3 Nf6 3. Bf4 c5 4. dxc5 Bxc5 5. e3 Qb6 6. b3 Nc6 7. Be2 Nd5 8. Bg3 Bb4+ 9. Nfd2 Nc3 10. Nxc3 Bxc3 11. Rb1 Qa5 12. Bd3 Qxa2 13. Rc1 Qa5 14. Ke2 Bxd2 15. Qxd2 Qxd2+ 16. Kxd2 d5 17. h4 Bd7 18. Bd6 O-O-O 19. Ra1 a6 20. b4 Na7 21.
Ra3 Bb5 22. Bxb5 Nxb5 23. Be7 Nxa3 24. Bxd8 Rxd8 0-1

[Event "Live Chess"]
[Site "Chess.com"]
[Date "2023.05.20"]
[Round "-"]
[White "Richardallis"]
[Black "ViktorTheCoolBoy"]
[Result "0-1"]
[WhiteElo "1764"]
[BlackElo "2524"]
[TimeControl "300"]
[EndTime "12:45:35 PDT"]
[Termination "ViktorTheCoolBoy won by resignation"]

1. d4 d5 2. Nf3 Bf5 3. Bg5 h6 4. Bh4 Qd6 5. c3 e6 6. Nbd2 Be7 7. Bg3 Qb6 8. b4 a5 9. a3 Nf6 10. e3 O-O 11. Be2 c6 12. O-O Nbd7 13. Re1 Ne4 14. Nxe4 Bxe4 15. Ne5 Nxe5 16. Bxe5 Qd8 17. Bd3 Bxd3 18. Qxd3 Bd6 19. Bxd6 Qxd6 20. f4 Ra6 21. Qd2 Rfa8 22. Qb2 Qc7 23. Kf2 Qb6 24. Kf3 Qb5 25. Qb3 axb4 26. axb4 Rxa1 0-1

[Event "Live Chess"]
[Site "Chess.com"]
[Date "2023.05.20"]
[Round "-"]
[White "kevinmilleruk"]
[Black "Horseymobile"]
[Result "1-0"]
[WhiteElo "1130"]
[BlackElo "1171"]
[TimeControl "300"]
[EndTime "12:45:36 PDT"]
[Termination "kevinmilleruk won by resignation"]

1. c4 Nf6 2. Nc3 g6 3. d4 Bg7 4. Bg5 O-O 5. g3 d6 6. Bg2 Nc6 7. Nf3 Bd7 8. O-O Re8 9. e4 e5 10. d5 Ne7 11. b3 Bg4 12. h3 Bxf3 13. Qxf3 a5 14. Bxf6 1-0

[Event "Live Chess"]
[Site "Chess.com"]
[Date "2023.05.20"]
[Round "-"]
[White "Bob2pen"]
[Black "chessleanstrategist"]
[Result "1-0"]
[WhiteElo "1797"]
[BlackElo "400"]
[TimeControl "300"]
[EndTime "12:45:45 PDT"]
[Termination "Bob2pen won on time"]

1. e4 d6 2. d4 Nf6 3. Nc3 c5 4. dxc5 dxc5 5. Qxd8+ Kxd8 6. Bf4 Bd7 7. O-O-O Nc6 8. f3 g6 9. Nh3 h6 10. Bc4 g5 11.
Be3 e6 12. Nf2 Bg7 13. Bxc5 b6 14. Be3 Ne5 15. Bb5 a6 16. Bxd7 Nexd7 17. Bxb6+ Ke7 18.
Bd4 Rhg8 19. Nd3 Rad8 20. Nc5 Nxc5 21. Bxc5+ 1-0

[Event "Live Chess"]
[Site "Chess.com"]
[Date "2023.05.20"]
[Round "-"]
[White "OceanFloater"]
[Black "Ferrarifan27"]
[Result "0-1"]
[WhiteElo "981"]
[BlackElo "2061"]
[TimeControl "300"]
[EndTime "12:46:00 PDT"]
[Termination "Ferrarifan27 won by checkmate"]

1. e4 e5 2. Nf3 Nc6 3. Bc4 Bc5 4.
O-O Nf6 5. d3 d6 6. Bg5 Bg4 7. h3 Bh5 8. g4 Bg6 9. Nh4 Qe7 10.
Nxg6 hxg6 11. Kh2 O-O-O 12. Nc3 Qd7 13. Nd5 Nxg4+ 14. Kg3 Nxf2 15. Rxf2 Qxh3# 0-1

[Event "Live Chess"]
[Site "Chess.com"]
[Date "2023.05.20"]
[Round "-"]
[White "Leonid_Starozhilov"]
[Black "ameetghasi100"]
[Result "1-0"]
[WhiteElo "2653"]
[BlackElo "2684"]
[TimeControl "300"]
[EndTime "12:46:08 PDT"]
[Termination "Leonid_Starozhilov won by resignation"]

1. e4 c5 2. Nf3 Nc6 3. Bb5 Na5 4. O-O a6 5. Be2 e6 6. c4 b6 7. Nc3 Bb7 8. d4 cxd4 9. Nxd4 Rc8 10. b3 b5 11. Be3 bxc4 12. bxc4 Nxc4 13. Qb3 Na5 14. Qb2 Nf6 15. e5 Nd5 16. Nxd5 Bxd5 17. Bxa6 Rb8 18. Qe2 Be7 19. a4 O-O 20. Bb5 f6 21. exf6 Bxf6 22.
Rac1 Bxd4 23. Bxd4 Nb3 24. Qe5 Nxd4 25. Qxd4 Qg5 26.
g3 Rf3 27. Rce1 Rbf8 28. Re5 R8f5 29. Rxf5 Qxf5 30. Bxd7 Rd3 31. Qh4 Qf8 32. Re1 Rd2 33. Qf4 Qxf4 34. gxf4 Kf7 35. f5 exf5 36. Bxf5 g6 37.
Bd7 Bf3 38. Bb5 Kf6 39. Ra1 Rb2 40. Bf1 Rb4 41. h3 Rb8 42. a5 Be4 43. a6 Ra8 44. a7 Ke5 45. Bg2 Kf4 46. Ra4 1-0

[Event "Live Chess"]
[Site "Chess.com"]
[Date "2023.05.20"]
[Round "-"]
[White "JohanKjeldahl"]
[Black "Hacker_2009"]
[Result "1-0"]
[WhiteElo "1812"]
[BlackElo "1893"]
[TimeControl "300"]
[EndTime "12:46:15 PDT"]
[Termination "JohanKjeldahl won by resignation"]

1. c4 Nf6 2. Nc3 e6 3. e4 d5 4. e5 Nfd7 5. d4 c6 6. Be3 b6 7. f4 Bb7 8. Nf3 c5 9. cxd5 exd5 10. dxc5 Nxc5 11. Bb5+ Nc6 12. Nxd5 a6 13. Bxc6+ Bxc6 14. Nc3 Be7 15. O-O O-O 16. Qc2 Qc7 17. Rad1 Rac8 18. Ne2 Qb7 19. Ned4 Bd5 20. Qb1 Ne6 21. Nf5 Bc5 22.
Bxc5 Nxc5 23. Nd6 Qc6 24. Nxc8 Rxc8 25. Ng5 g6 26. Nf3 Ne4 27. Rc1 Qb7 28. Rxc8+ Qxc8 29. Rc1 Qg4 30. Rd1 Be6 31. Qxe4 1-0

[Event "Live Chess"]
[Site "Chess.com"]
[Date "2023.05.20"]
[Round "-"]
[White "TheSmoulderingMaster"]
[Black "SupremeTactician"]
[Result "1/2-1/2"]
[WhiteElo "1737"]
[BlackElo "2368"]
[TimeControl "300"]
[EndTime "12:46:17 PDT"]
[Termination "Game drawn - insufficient material"]

1. e4 e5 2. Nf3 Nc6 3. Bb5 a6 4. Ba4 Nf6 5. O-O Nxe4 6. d3 Nc5 7. Bxc6 dxc6 8. Nxe5 Be7 9. Re1 O-O 10. Nc3 Bf6 11. Ng4 Bd4 12. Qf3 Bxg4 13. Qxg4 Qf6 14. Be3 Rad8 15. Ne4 Nxe4 16. Qxe4 Bxe3 17. Rxe3 Qxb2 18.
Rae1 Qd4 19. Qxd4 Rxd4 20. Re7 Ra4 21. Rxc7 Rxa2 22. Rxb7 Rxc2 23. g3 Rc3 24. Ra7 Rxd3 25. Rxa6 Rc3 26. Ra7 g6 27. Ree7 c5 28. Rac7 c4 29.
Kg2 Rc1 30. Re4 c3 31. Re3 c2 32. Re2 h5 33. Rexc2 Rxc2 34. Rxc2 Kg7 35. Rc7 Rd8 36. h4 Rd6 37. Ra7 Kf6 38. Rb7 Ke6 39. Ra7 Rb6 40. Rc7 Rd6 41. Ra7 Rd7 42. Ra6+ Ke5 43. Ra5+ Rd5 44.
Ra7 f6 45. Kf3 Kf5 46. Kg2 g5 47. Rh7 Kg6 48. Rh8 gxh4 49. Rg8+ Kf7 50. Rh8 hxg3 51. fxg3 Kg7 52. Ra8 Rd3 53. Kh3 Kg6 54. Ra4 Kg5 55. Ra5+ f5 56. Ra4 Rb3 57. Rc4 Rb1 58. Ra4 Rh1+ 59.
Kg2 Rd1 60. Kh3 Rd5 61. Rb4 Ra5 62. Rc4 Ra3 63. Rb4 Rc3 64. Rd4 Re3 65. Ra4 Rb3 66. Rc4 Kf6 67. Kh4 Ke5 68. Rc5+ Ke4 69. Rc4+ Kd5 70. Rf4 Ke5 71. Rf2 Re3 72. Ra2 Rd3 73. Ra5+ Rd5 74. Ra8 Rd3 75. Re8+ Kf6 76. Rf8+ Kg6 77.
Rg8+ Kf7 78. Rg5 Kf6 79. Rxh5 Rd4+ 80. Kh3 Rd3 81. Rh4 Kg5 82. Ra4 Rb3 83. Kg2 Rc3 84.
Rb4 Ra3 85. Rc4 Rb3 86. Kh3 Ra3 87. Rd4 Rb3 88. Rd5 Ra3 89. Rd8 Rb3 90. Rg8+ Kf6 91.
Kh4 Rb4+ 92. Kh5 Rb1 93. Rg6+ Kf7 94. Kg5 Rf1 95. Ra6 Rg1 96. Kf4 Re1 97. Kxf5 Rf1+ 98. Kg5 Rg1 99. g4 Kg7 100. Ra7+ Kg8 101. Kf5 Kf8 102. g5 Rf1+ 103. Kg6 Rb1 104. Kh6 Rb6+ 105. g6 Rb8 106. Rh7 Kg8 107. Rd7 Kf8 108. Kh7 Ke8 109. Ra7 Rb3 110. g7 Rh3+ 111. Kg6 Rg3+ 112. Kf6 Rf3+ 113. Ke5 Rg3 114. Ra8+ Kf7 115. g8=Q+ Rxg8 116. Ra7+ Kg6 117. Ra6+ Kg5 118. Ra1 Re8+ 119. Kd6 Kf5 120. Rf1+ Kg4 121. Rg1+ Kf3 122. Rf1+ Ke2 123. Rf6 Rd8+ 124. Ke7 Rd3 125. Re6+ Re3 126. Rxe3+ Kxe3 1/2-1/2

[Event "Live Chess"]
[Site "Chess.com"]
[Date "2023.05.20"]
[Round "-"]
[White "KeithArkell"]
[Black "onemoretime1975"]
[Result "1-0"]
[WhiteElo "2615"]
[BlackElo "1916"]
[TimeControl "300"]
[EndTime "12:46:18 PDT"]
[Termination "KeithArkell won on time"]

1. d4 d5 2. Nf3 Nf6 3. c4 e6 4.
cxd5 exd5 5. Nc3 c6 6. Qc2 Be7 7. Bg5 O-O 8. e3 Nbd7 9. Bd3 Re8 10. O-O Nf8 11. Bxf6 Bxf6 12. b4 Be7 13. Rab1 Bd6 14. Bf5 Bxf5 15. Qxf5 g6 16. Qh3 Ne6 17. Rfc1 Ng5 18.
Nxg5 Qxg5 19. Qd7 Qe7 20. Qxe7 Rxe7 21. b5 Rb8 22. bxc6 bxc6 23. Rxb8+ Bxb8 24. Na4 Re6 25. Nc5 Re7 26. Na6 Rb7 27. g3 Rb6 28. Nxb8 Rxb8 29.
Rxc6 Rb5 30. Ra6 Rb7 31. g4 Kg7 32. g5 h6 33. h4 hxg5 34. hxg5 Kf8 35. Kg2 Ke7 36.
Kg3 Kd7 37. Kf4 Ke7 38. Ke5 Rd7 39. Ra5 Rb7 40. Rxd5 1-0

[Event "Live Chess"]
[Site "Chess.com"]
[Date "2023.05.20"]
[Round "-"]
[White "alanmike75"]
[Black "Tilbs_12"]
[Result "1/2-1/2"]
[WhiteElo "1535"]
[BlackElo "1561"]
[TimeControl "300"]
[EndTime "12:46:29 PDT"]
[Termination "Game drawn by repetition"]

1. e4 c6 2. Nf3 d5 3. exd5 cxd5 4. Ne5 Nc6 5. Bb5 Bd7 6. Nxd7 Qxd7 7. O-O Nf6 8. d4 e6 9. c3 a6 10. Bd3 Bd6 11. Re1 O-O 12. Nd2 e5 13. dxe5 Nxe5 14. Nf3 Nxd3 15. Qxd3 Rae8 16. Bg5 Ne4 17. Bh4 b5 18.
Rad1 Nf6 19. Bg3 Bxg3 20. hxg3 Rxe1+ 21. Nxe1 Rd8 22. Nf3 g6 23. Qd4 Ne4 24. Nd2 Nxd2 25. Rxd2 Qd6 26. Qe3 f6 27. Re2 g5 28. Qe6+ Kg7 29.
Qe7+ Kg6 30. g4 Qxe7 31. Rxe7 d4 32. cxd4 Rxd4 33. f3 Rd2 34. Ra7 Rxb2 35. Rxa6 b4 36. Rb6 Rxa2 37. Rxb4 h5 38. gxh5+ Kxh5 39. Kh2 f5 40.
Rb8 g4 41. Kg3 gxf3 42. gxf3 Kg5 43. Rg8+ Kf6 44. Rf8+ Kg6 45. Kf4 Ra3 46. Kg3 Kg5 47. Rg8+ Kf6 48. Rf8+ Kg6 49. Rg8+ Kf6 50. Rf8+ Kg6 51.
Rg8+ Kf6 1/2-1/2

[Event "Live Chess"]
[Site "Chess.com"]
[Date "2023.05.20"]
[Round "-"]
[White "SirEntrails"]
[Black "djw60"]
[Result "0-1"]
[WhiteElo "537"]
[BlackElo "2109"]
[TimeControl "300"]
[EndTime "12:46:29 PDT"]
[Termination "djw60 won by checkmate"]

1. e4 g6 2. Nf3 Bg7 3. d4 d6 4. c3 Nf6 5. Nbd2 O-O 6. Bc4 Nc6 7. d5 Nb8 8. O-O c6 9. Nb3 Bg4 10. h3 Bxf3 11. Qxf3 Nbd7 12. Bg5 a5 13. a4 Qc7 14. Rfe1 Ne5 15. Qe2 h6 16. Bxf6 Bxf6 17. Qc2 Nxc4 18.
Qe2 cxd5 19. exd5 Kg7 20. Nd4 Bxd4 21. cxd4 Nb6 22. b3 Nxd5 23. Rac1 Qd7 24. Qb5 Qxb5 25. axb5 Rfc8 26. Rxc8 Rxc8 27. g4 Rc3 28. b4 axb4 29. Rb1 b3 30. Kg2 e6 31. f3 Rc2+ 32. Kf1 b2 33.
Ke1 Rc1+ 34. Kd2 Rxb1 35. Kc2 Rf1 36. Kxb2 Rxf3 37. Kc2 Rxh3 38. Kd2 Rg3 39. Kc2 Rxg4 40. Kd3 h5 41. Kc4 h4 42. Kd3 h3 43. b6 h2 44. Kc4 h1=Q 45. Kd3 Qh3+ 46. Kc4 Qc3+ 47.
Kb5 Qb4# 0-1

[Event "Live Chess"]
[Site "Chess.com"]
[Date "2023.05.20"]
[Round "-"]
[White "MaximKris"]
[Black "HoarseyHorsey"]
[Result "1/2-1/2"]
[WhiteElo "1842"]
[BlackElo "1395"]
[TimeControl "300"]
[EndTime "12:46:31 PDT"]
[Termination "Game drawn by repetition"]

1. e4 c5 2. Nf3 e6 3. c3 d5 4. Bd3 Nc6 5. O-O c4 6. exd5 exd5 7. Re1+ Be7 8. Bc2 Bg4 9. h3 Bh5 10. d4 Nf6 11. Bg5 O-O 12. g4 Bg6 13. Bxg6 hxg6 14. Ne5 Ne4 15. Nxc6 bxc6 16. Bxe7 Qxe7 17. f3 Qh4 18.
fxe4 Qxh3 19. Qe2 dxe4 20. Qg2 Qh6 21. Qxe4 Rae8 22. Qxe8 Rxe8 23. Rxe8+ Kh7 24. Re2 Qf4 25.
Nd2 Qxg4+ 26. Rg2 Qf4 27. Rf1 Qc7 28. Ne4 a5 29. Ng5+ Kg8 30. Nxf7 Qb7 31. Rxg6 Qxb2 32. Rg2 Qxc3 33. Nh6+ Kh7 34. Nf5 Qd3 35. Rxg7+ Kh8 36. Rg2 c3 37. Nh6 c2 38. Nf7+ Kh7 39. Ne5 Qxd4+ 40. Kh1 Qd1 41. Rgg1 Qh5+ 42. Kg2 Qxe5 43. Rf3 Qe2+ 44. Rf2 Qd1 45. Rff1 Qd5+ 46. Rf3 Qd2+ 47.
Rf2 Qd5+ 48. Rf3 Qd2+ 49. Rf2 Qd5+ 50. Rf3 1/2-1/2

[Event "Live Chess"]
[Site "Chess.com"]
[Date "2023.05.20"]
[Round "-"]
[White "domrobson"]
[Black "wadsy27"]
[Result "1-0"]
[WhiteElo "1735"]
[BlackElo "2558"]
[TimeControl "300"]
[EndTime "12:46:35 PDT"]
[Termination "domrobson won on time"]

1. d4 d5 2. c4 c6 3. Nf3 Nf6 4. Nc3 dxc4 5. e3 b5 6. a4 b4 7.
Na2 e6 8. Bxc4 Bb7 9. O-O Nbd7 10. b3 c5 11. Bb2 Qc7 12. Rc1 Ng4 13. d5 Bd6 14. h3 Nh2 15. Nxh2 Bxh2+ 16. Kh1 O-O-O 17. Nxb4 Nb6 18. Na6 Bxa6 19. Bxa6+ Kb8 20. Qf3 Bd6 21.
b4 Nxd5 22. bxc5 Be7 23. Bxg7 Ka8 24. Bxh8 Rxh8 25. Rb1 Rb8 26. e4 Nb4 27. e5+ Nd5 28. Rfc1 Qc6 29. Bb5 Qc7 30. Rd1 a6 31. Rxd5 exd5 32.
Qxd5+ Ka7 33. Bd3 Rxb1+ 34. Bxb1 Qxc5 35. Qxc5+ Bxc5 36. Bxh7 Bxf2 37. Bg8 Bg3 38. Bxf7 Bxe5 39. g4 Kb6 40. h4 Bg3 41. h5 Bf4 42. Kg2 Kc5 43. Kf3 Bh6 44. Ke4 Kd6 45. Kf5 Ke7 46. Bc4 1-0

[Event "Live Chess"]
[Site "Chess.com"]
[Date "2023.05.20"]
[Round "-"]
[White "Stanbad1"]
[Black "PiotrD11"]
[Result "1-0"]
[WhiteElo "2419"]
[BlackElo "1342"]
[TimeControl "300"]
[EndTime "12:47:09 PDT"]
[Termination "Stanbad1 won by resignation"]

1. d4 d5 2. Nc3 Nf6 3. Bf4 e6 4. e3 Bd6 5. Bxd6 Qxd6 6. Nf3 O-O 7. Bd3 c5 8. dxc5 Qxc5 9. O-O b6 10. Re1 Bb7 11. e4 d4 12. Ne2 e5 13. c3 Nc6 14.
cxd4 Nxd4 15. Nexd4 exd4 16. e5 Ng4 17. Bxh7+ Kh8 18.
Ng5 d3 19. Qxg4 Bc8 20. Qh4 1-0

[Event "Live Chess"]
[Site "Chess.com"]
[Date "2023.05.20"]
[Round "-"]
[White "LiamBellwood"]
[Black "siddu198"]
[Result "1-0"]
[WhiteElo "2061"]
[BlackElo "1623"]
[TimeControl "300"]
[EndTime "12:47:09 PDT"]
[Termination "LiamBellwood won by resignation"]

1. d4 d5 2. Nc3 Nf6 3. Bf4 Bf5 4. e3 Nc6 5. Nb5 e5 6. dxe5 Nb4 7. Nd4 Bc5 8. Nxf5 Qd7 9. Nxg7+ Kf8 10. Bh6 Qf5 11.
Nxf5+ 1-0

[Event "Live Chess"]
[Site "Chess.com"]
[Date "2023.05.20"]
[Round "-"]
[White "Ferrarifan27"]
[Black "JanMur7"]
[Result "1-0"]
[WhiteElo "2069"]
[BlackElo "1948"]
[TimeControl "300"]
[EndTime "12:47:14 PDT"]
[Termination "Ferrarifan27 won by resignation"]

1. e4 e5 2. Nf3 Nc6 3. Bb5 Nf6 4. O-O Nxe4 5. d4 Nd6 6. Bxc6 dxc6 7. dxe5 Nf5 8. Qxd8+ Kxd8 9. Nc3 Ne7 10. Bg5 Ke8 11.
Rfe1 Bf5 12. Nd4 h6 13. Bxe7 1-0